 Dungeon Crawl Stone Soup version 0.20-a0-1061-gbbf974c (webtiles) character file.

26093 Naow the Severer (level 12, -8/126 HPs)
             Began as a Minotaur Berserker on Apr 27, 2017.
             Was a High Priest of Trog.
             Mangled by a small abomination (14 damage)
             ... on level 2 of the Abyss.
             The game lasted 00:36:07 (15728 turns).

Naow the Severer (Minotaur Berserker)              Turns: 15728, Time: 00:36:08

Health: -8/126     AC: 19    Str: 24 (27) XL:     12   Next: 95%
Magic:  11/11      EV: 10    Int:  3 (5)  God:    Trog [*****.]
Gold:   852        SH:  0    Dex:  9 (11) Spells: 11/11 levels left

rFire    . . .     SeeInvis +   L - +3 executioner's axe (freeze)
rCold    . . .     Gourm    .   (shield currently unavailable)
rNeg     . . .     Faith    +   M - +0 plate armour
rPois    .         Spirit   .   (helmet restricted)
rElec    .         Reflect  .   J - +1 cloak
rCorr    .         Harm     .   z - +0 pair of gloves
MR       .....                  (no boots)
Stlth    ..........             t - amulet of faith
Regen    0.4/turn               e - +2 ring of dexterity
MPRegen  0.2/turn               Y - ring of wizardry

@: lethally poisoned (-8 -> -8), starving, hasted, very quick
A: retaliatory headbutt, horns 2, see invisible, robust 1
a: Berserk, Trog's Hand, Brothers in Arms, Burn Spellbooks, Renounce Religion


You were on level 2 of the Abyss.
You worshipped Trog.
Trog was extremely pleased with you.
You were starving.

You visited 1 branch of the dungeon, and saw 11 of its levels.
You visited the Abyss 1 time.

You collected 852 gold pieces.

Inventory:

Hand Weapons
 D - a +1 war axe
 L - a +3 executioner's axe of freezing (weapon)
 S - a +1 antimagic battleaxe
Armour
 b - a +0 animal skin
 z - a +0 pair of gloves (worn)
 C - a +1 chain mail of magic resistance
 J - a +1 cloak (worn)
 M - a +0 plate armour (worn)
Jewellery
 e - a +2 ring of dexterity (left hand)
 o - an uncursed ring of fire
 t - an amulet of faith (around neck)
 B - a -3 ring of dexterity
 V - an uncursed ring of ice
 Y - a ring of wizardry (right hand)
Wands
 u - a wand of flame (22/48)
 y - a wand of flame (29/48)
 A - a wand of random effects (27/48)
 E - a wand of acid (15/15)
 F - a wand of confusion (35/48)
 H - a wand of paralysis (1/24)
 I - a wand of disintegration (12/24)
 O - a wand of polymorph (10/24)
 Q - a wand of paralysis (15/24)
 T - a wand of polymorph (11/24)
Scrolls
 a - a scroll of blinking
 f - 2 scrolls of amnesia
 i - 10 scrolls of identify
 j - a scroll of fog
 l - 2 scrolls of recharging
 q - 4 scrolls of teleportation
 r - a scroll of fear
 v - 7 scrolls of remove curse
 K - 3 scrolls of enchant armour
 W - a scroll of silence {unknown}
Potions
 d - a potion of agility {unknown}
 h - 3 potions of cancellation
 k - 4 potions of curing
 m - 3 potions of mutation
 p - 3 potions of haste
 s - a potion of heal wounds {unknown}
 w - a potion of magic {unknown}
 x - a potion of degeneration
 G - a potion of resistance {unknown}
 R - 3 potions of brilliance
 U - a potion of lignification {unknown}
Books
 P - a book of Battle

   Spells                             Type                      Level
   a - Infusion                       Charms                       1
   b - Shroud of Golubria             Charms/Translocation         2
   c - Song of Slaying                Charms                       2
   d - Spectral Weapon                Hexes/Charms                 3
   e - Regeneration                   Charms/Necromancy            3
   Trog disapproves of the use of such an item.
Comestibles
 c - 9 bread rations
 g - 15 fruits
 n - 8 meat rations
 N - 4 royal jellies


   Skills:
 + Level 13.1 Fighting
 * Level 17.5 Axes
 + Level 11.4 Armour
 - Level 6.3 Dodging
 - Level 3.1 Stealth


You had 11 spell levels left.
You didn't know any spells.

Dungeon Overview and Level Annotations

Branches:
Dungeon (11/15)            Temple (0/1) D:7            Lair (0/6) D:9
    Orc (0/2) D:10

Altars:
Ashenzari
Cheibriados
Dithmenos
Fedhas
Sif Muna
Trog
Uskayaw
Vehumet
Wu Jian
Zin

Annotations:
D:11 Erolcha


Innate Abilities, Weirdness & Mutations

You reflexively headbutt those who attack you in melee.
You have a pair of horns on your head.
You have supernaturally acute eyesight. (SInv)
You are robust. (+10% HP)


Message History

You feel sick.
You feel sick.
You feel sick.
You feel sick.
A hellion comes into view.
You feel sick. The hellion gestures at you.
The sphere of damnation explodes!
The damnation engulfs you! The hellion gestures at you.
The sphere of damnation explodes!
The damnation engulfs you!
* * * LOW HITPOINT WARNING * * *
Found a scroll of identify.
You feel yourself speed up. The hellion gestures at you.
The sphere of damnation explodes!
The damnation engulfs you!
* * * LOW HITPOINT WARNING * * *
You feel sick.
Okay, then.
The small abomination hits you!
You die...

..... ..? .. . .# ..#.
.. #. #.#... . #... ..
... # .. ..#2#.##. .
.#.. #..ยง..... ##.# .
.. . #.....# ####..#
.##. # .
#.....###...#####.#..#..
#...#@...###.#..#.. ..
#...#.x#.##...##54.#. .
#.##.###.4##.........#
#. # ##4..#..##....#.#
##..#.x ...##.
#5##..#...###.. ##....#
.#..# ##..#.... # ..# .
.#


You could see a hellwing, a small abomination and a white imp.

Vanquished Creatures
  Fannar (D:11)
  2 hydras
  2 centaur warriors (D:11)
  A death knight (D:11)
  10 two-headed ogres
  The ghost of Shenda the Destroyer, a novice DsFE of Ashenzari (D:7)
  Pikel (D:4)
  A wolf spider (D:11)
  Maurice (D:8)
  A smoke demon (Abyss:1)
  Psyche (D:10)
  A gargoyle (D:10)
  A tengu conjurer (D:11)
  2 trolls (D:9)
  A small abomination (Abyss:1)
  2 hippogriffs
  2 dream sheep (D:9)
  2 vampires
  A wraith (D:10)
  A wyvern (D:10)
  A vampire mosquito (D:11)
  Grum (D:8)
  16 yaks
  Menkaure (D:6)
  The ghost of nocturnal the Cutter, an amateur HaWr (D:4)
  Duvessa (D:6)
  A water moccasin (D:7)
  5 orc warriors
  2 ice beasts
  7 sky beasts
  A black bear (D:10)
  3 phantoms
  22 ogres
  9 wolves
  7 centaurs
  8 big kobolds
  Blork the orc (D:4)
  4 bullfrogs
  15 killer bees
  Dowan (D:6)
  2 scorpions
  2 howler monkeys (D:10)
  An electric eel (D:9)
  A bullfrog zombie (D:11)
  A bullfrog skeleton (D:10)
  A centaur skeleton (D:9)
  5 hounds
  3 centaur zombies
  5 orc priests
  Crazy Yiuf (D:6)
  19 orc wizards
  12 worker ants
  2 hound zombies (D:8)
  A hound skeleton (D:11)
  Robin (D:2)
  2 worker ant zombies (D:11)
  2 gnolls (D:4)
  12 adders
  2 howler monkey skeletons
  2 shadow imps
  An ufetubus (Abyss:2)
  An ooze (D:2)
  4 adder skeletons
  4 worms
  A dart slug (D:1)
  4 leopard geckos
  42 orcs
  5 giant cockroaches
  15 goblins
  4 hobgoblins
  4 jackals (D:7)
  9 quokkas
  3 bats
  2 frilled lizards
  24 kobolds
  2 leopard gecko zombies
  A quokka skeleton (D:2)
  8 rats
  A bush (D:11)
  A starspawn tentacle (Abyss:1)
355 creatures vanquished.

Vanquished Creatures (others)
  3 slaves (D:4)
  A gnoll shaman (D:4)
  2 gnolls (D:4)
6 creatures vanquished.

Grand Total: 361 creatures vanquished

Notes
Turn   | Place    | Note
-------+----------+-------------------------------------------
     0 | D:1      | Naow the Minotaur Berserker began the quest for the Orb.
     0 | D:1      | Reached XP level 1. HP: 19/19 MP: 0/0
   282 | D:1      | Reached skill level 4 in Axes
   306 | D:1      | Reached XP level 2. HP: 27/27 MP: 1/1
  1055 | D:2      | Noticed Robin
  1063 | D:2      | Killed Robin
  1063 | D:2      | Reached XP level 3. HP: 26/33 MP: 2/2
  1070 | D:2      | Reached ** piety under Trog
  1476 | D:2      | Reached XP level 4. HP: 37/41 MP: 3/3
  1823 | D:3      | Found a shadowy altar of Dithmenos.
  1891 | D:3      | Found a radiant altar of Vehumet.
  1906 | D:3      | Found a shattered altar of Ashenzari.
  2098 | D:3      | Reached skill level 5 in Axes
  2354 | D:3      | Found a hide-covered altar of Uskayaw.
  2710 | D:4      | Noticed an ogre
  2712 | D:4      | Found a blossoming altar of Fedhas.
  2717 | D:4      | Killed an ogre
  2717 | D:4      | Reached skill level 5 in Fighting
  2717 | D:4      | Reached skill level 1 in Stealth
  2717 | D:4      | Reached XP level 5. HP: 25/48 MP: 4/4
  2944 | D:4      | Found a snail-covered altar of Cheibriados.
  3066 | D:4      | Reached skill level 6 in Axes
  3067 | D:4      | Reached XP level 6. HP: 38/56 MP: 5/5
  3098 | D:4      | Noticed nocturnal's ghost (amateur HaWr)
  3112 | D:4      | Killed nocturnal's ghost
  3232 | D:4      | Noticed Blork the orc
  3242 | D:4      | Killed Blork the orc
  3242 | D:4      | Reached skill level 7 in Axes
  3242 | D:4      | Reached XP level 7. HP: 48/61 MP: 6/6
  3359 | D:4      | Reached *** piety under Trog
  3510 | D:4      | Noticed Pikel
  3520 | D:4      | Killed Pikel
  3520 | D:4      | Reached skill level 8 in Axes
  3520 | D:4      | Reached skill level 5 in Dodging
  3520 | D:4      | Reached XP level 8. HP: 70/70 MP: 7/7
  4277 | D:5      | Entered Level 5 of the Dungeon
  4447 | D:5      | Noticed a two-headed ogre
  4455 | D:5      | Killed a two-headed ogre
  4455 | D:5      | Reached skill level 10 in Axes
  4855 | D:5      | Found a bloodstained altar of Trog.
  4874 | D:5      | Reached XP level 9. HP: 74/79 MP: 8/8
  5538 | D:6      | Noticed Menkaure
  5545 | D:6      | Killed Menkaure
  5824 | D:6      | Noticed Dowan
  5825 | D:6      | Noticed Duvessa
  5830 | D:6      | Killed Dowan
  5835 | D:6      | Killed Duvessa
  6288 | D:6      | Found a deep blue altar of Sif Muna.
  6640 | D:6      | Found a runed door.
  6935 | D:6      | Noticed Crazy Yiuf
  6943 | D:6      | Killed Crazy Yiuf
  6951 | D:6      | Got an encrusted mace
  6952 | D:6      | Identified the cursed +3 mace of Hoag {crush, *Rage Str+3 Dex+2} (You found it on level 6 of the Dungeon)
  7029 | D:7      | Reached skill level 11 in Axes
  7046 | D:7      | Reached **** piety under Trog
  7078 | D:7      | Noticed Shenda's ghost (novice DsFE)
  7087 | D:7      | Killed Shenda's ghost
  7087 | D:7      | Reached skill level 5 in Armour
  7682 | D:7      | Found a staircase to the Ecumenical Temple.
  7776 | D:7      | Found a glowing silver altar of Zin.
  7861 | D:7      | Reached skill level 12 in Axes
  7862 | D:7      | Reached XP level 10. HP: 91/91 MP: 9/9
  8791 | D:8      | Noticed Maurice
  8875 | D:8      | Noticed Grum
  8894 | D:8      | Killed Grum
  9250 | D:8      | Reached ***** piety under Trog
  9358 | D:8      | Noticed a two-headed ogre
  9369 | D:8      | Killed a two-headed ogre
  9369 | D:8      | Reached skill level 10 in Fighting
  9369 | D:8      | Reached skill level 13 in Axes
  9860 | D:8      | Killed Maurice
 10496 | D:9      | Found a staircase to the Lair.
 10789 | D:9      | Reached XP level 11. HP: 97/101 MP: 10/10
 10816 | D:9      | Reached skill level 14 in Axes
 10864 | D:9      | Noticed a two-headed hydra
 10873 | D:9      | Killed a seven-headed hydra
 11078 | D:9      | Noticed a two-headed ogre
 11086 | D:9      | Killed a two-headed ogre
 11338 | D:9      | Found an ornate altar of the Wu Jian Council.
 11891 | D:9      | Received a gift from Trog
 12008 | D:10     | Entered Level 10 of the Dungeon
 12112 | D:10     | Found a staircase to the Orcish Mines.
 12195 | D:10     | Reached skill level 15 in Axes
 12247 | D:10     | Noticed a two-headed ogre
 12255 | D:10     | Killed a two-headed ogre
 12644 | D:10     | Noticed a two-headed ogre
 12651 | D:10     | Killed a two-headed ogre
 12985 | D:10     | Noticed Psyche
 12993 | D:10     | Killed Psyche
 13204 | D:10     | Reached XP level 12. HP: 65/112 MP: 3/11
 13500 | D:11     | Noticed Fannar
 13505 | D:11     | Reached skill level 10 in Armour
 13524 | D:11     | Killed Fannar
 13524 | D:11     | Reached skill level 16 in Axes
 14066 | D:11     | Received a gift from Trog
 14285 | D:11     | Noticed a death knight
 14285 | D:11     | Noticed a centaur warrior
 14292 | D:11     | Killed a centaur warrior
 14299 | D:11     | Killed a death knight
 14541 | D:11     | Noticed a seven-headed hydra
 14548 | D:11     | Killed a ten-headed hydra
 14552 | D:11     | Noticed a centaur warrior
 14553 | D:11     | Noticed a seven-headed hydra
 14555 | D:11     | Killed a centaur warrior
 14911 | D:11     | Noticed a two-headed ogre
 14911 | D:11     | Noticed a two-headed ogre
 14913 | D:11     | Noticed a two-headed ogre
 14918 | D:11     | Killed a two-headed ogre
 14918 | D:11     | Reached skill level 17 in Axes
 14922 | D:11     | Killed a two-headed ogre
 14923 | D:11     | Killed a two-headed ogre
 15243 | D:11     | Noticed a two-headed ogre
 15243 | D:11     | Noticed a two-headed ogre
 15244 | D:11     | Noticed Erolcha
 15245 | D:11     | Noticed a two-headed ogre
 15250 | D:11     | Killed a two-headed ogre
 15252 | D:11     | Killed a two-headed ogre
 15252 | D:11     | Cast into level 1 of the Abyss (Erolcha)
 15584 | Abyss:1  | Noticed a starcursed mass
 15594 | Abyss:1  | Noticed a tentacled starspawn
 15602 | Abyss:2  | Gained mutation: You have supernaturally acute eyesight. (SInv) [potion of mutation]
 15602 | Abyss:2  | Gained mutation: You are robust. (+10% HP) [potion of mutation]
 15663 | Abyss:2  | Noticed a hell hog
 15727 | Abyss:2  | HP: 6/126 [poisoned by an orange demon]
 15728 | Abyss:2  | Mangled by a small abomination

Vault maps used:
D:1:      tarquinn_simple_flora_water_f
D:2:      serial_undead, serial_undead_d, serial_undead_a, serial_undead_d,
          serial_undead_d, uniq_robin
D:3:      nicolae_dithmenos_shadow_blocks, lemuel_round_altar,
          grunt_temple_overflow_open, first_bread
D:4:      cheibriados_altar_1, old_standard_altar, wad_rectangle_vault,
          uniq_blork_the_orc, uniq_pikel
D:5:      nicolae_overflow_crystal_walls
D:6:      tgw_sif, uniq_duvessa, uniq_menkaure, uniq_crazy_yiuf_cottage
D:7:      kennysheep_little_box, minmay_temple_entry_from_below_b
D:8:      uniq_maurice, uniq_grum
D:9:      nicolae_overflow_hidden_temple, erik_lair_island, hangedman_ranch,
          grunt_ministairs_14
D:10:     orc_0_dummy, minmay_misc_feat_roman, uniq_psyche
D:11:     lemuel_ogre_cave, serial_shops, kennysheep_mini, minmay_hedge_maze,
          minmay_the_grid_octo_triangle, uniq_fannar

Skill      XL: |  1  2  3  4  5  6  7  8  9 10 11 12 |
---------------+-------------------------------------+-----
Axes           | 4 5 6 7 8 10 12 13 15 17 | 17.5
Fighting       | 4 5 6 7 9 10 11 13 | 13.1
Dodging        | 3 4 5 6 |  6.3
Stealth        | 1 2 3 |  3.1
Armour         | 5 7 9 11 | 11.4

Action                   |  1- 3 |  4- 6 |  7- 9 | 10-12 || total
-------------------------+-------+-------+-------+-------++-------
Melee: Hand axe          |    51 |    88 |    50 |       ||   189
       Headbutt          |     9 |    19 |    42 |   121 ||   191
       War axe           |       |       |   113 |   280 ||   393
       Mace              |       |       |    39 |       ||    39
       Battleaxe         |       |       |       |   171 ||   171
       Executioner's axe |       |       |       |    73 ||    73
Invok: Berserk           |     1 |     3 |     5 |    11 ||    20
       Trog's Hand       |       |     2 |     1 |     5 ||     8
  Use: Scroll            |       |       |    14 |     2 ||    16
       Potion            |       |       |       |     5 ||     5
 Stab: Sleeping          |       |     1 |       |       ||     1
  Eat: Chunk             |     3 |     6 |     9 |    33 ||    51
       Royal jelly       |       |     1 |     2 |     2 ||     5
       Meat ration       |       |       |     1 |       ||     1
Armor: Animal skin       |     7 |    14 |     2 |       ||    23
       Chain mail        |       |       |    69 |    83 ||   152
       Plate armour      |       |       |       |   268 ||   268
Dodge: Dodged            |    41 |    47 |    99 |   334 ||   521
